AoeStats
← LE | Asav

Arena

508561983Analyzed
4v4 RM · 8d ago on Sep 23, 2026· 48m 27s· 8 players
Game mode
Random Map
Map size
Large (8 player)
Population
200
Speed
Normal
Resources
Standard
Victory
Conquest
Starting age
Dark Age
Ending age
Imperial Age
RankedLock teamsTeams togetherTeam positionsShared explorationLock speedFull tech treeHidden civsTurbo modeCheats
Victory
Defeat
🇵🇪 Bohemians · Peru
1580
+12
🇲🇽 Varangians · Mexico
1533
+14
🇻🇳 Poles · Vietnam
1520
+15
🇧🇷 Khmer · Brazil
1481
+17
🇨🇱 Japanese · Chile
1526
-16
🇦🇷 Jurchens · Argentina
1509
-15
🇨🇱 Vikings · Chile
1491
-14
🇨🇱 Khmer · Chile
1464
-13
happix
8:35 Feudal Age
8:40 Loom
12:35 Fletching
16:42 Wheelbarrow
19:14 Double-Bit Axe
27:41 Castle Age
25:27 Horse Collar
25:59 Gold Mining
32:06 Imperial Age
30:21 Bow Saw
30:15 Bodkin Arrow
31:12 Padded Archer Armor
31:36 Crossbowman
32:50 Bracer
36:21 Ballistics
38:36 Chemistry
38:00 Arbalester
39:39 Leather Archer Armor
42:24 Ring Archer Armor
46:01 Hand Cart
45:49 Heavy Plow
El Choro Stifen
10:55 Feudal Age
14:49 Castle Age
13:47 Double-Bit Axe
13:45 Horse Collar
15:43 Town Watch
16:40 Bow Saw
18:44 Gold Mining
19:52 Loom
23:32 Heavy Plow
27:18 Imperial Age
24:29 Crossbowman
25:47 Fletching
27:31 Bodkin Arrow
27:37 Padded Archer Armor
29:01 Chemistry
29:35 Bracer
29:57 Ballistics
29:43 Arbalester
31:21 Capped Ram
32:23 Leather Archer Armor
33:39 Masonry
33:09 Treadmill Crane
33:40 Squires
34:30 Conscription
33:48 Elite Skirmisher
35:06 Hoardings
36:11 Elite Varangian Guard
36:42 Pikeman
37:25 Scale Mail Armor
37:35 Forging
37:44 Fortified Wall
38:05 Architecture
38:10 Conscription
44:32 Town Patrol
x
10:36 Feudal Age
14:27 Castle Age
13:18 Horse Collar
14:16 Double-Bit Axe
17:48 Bow Saw
17:58 Heavy Plow
21:05 Scale Barding Armor
23:00 Chain Barding Armor
23:19 Husbandry
24:41 Forging
26:47 Wheelbarrow
27:01 Iron Casting
26:55 Bloodlines
29:03 Hand Cart
29:11 Gold Mining
29:11 Stone Mining
29:17 Loom
33:00 Imperial Age
30:37 Stone Mining
31:23 Gold Shaft Mining
33:11 Elite Steppe Lancer
34:32 Plate Barding Armor
34:21 Conscription
35:46 Blast Furnace
38:38 Chemistry
42:16 Two-Man Saw
Patopsx
7:17 Loom
10:10 Feudal Age
14:08 Castle Age
12:39 Double-Bit Axe
12:59 Horse Collar
15:25 Bow Saw
18:32 Heavy Plow
19:20 Fervor
21:36 Wheelbarrow
23:33 Hand Cart
29:12 Imperial Age
26:36 Gold Mining
26:53 Scale Mail Armor
26:44 Treadmill Crane
26:57 Fletching
27:05 Town Watch
26:42 Pikeman
28:07 Squires
27:55 Man-at-Arms
29:06 Chain Mail Armor
29:02 Forging
28:40 Gambesons
28:40 Arson
29:28 Ballistics
28:58 Guard Tower
28:56 Long Swordsman
29:32 Stone Mining
30:30 Plate Mail Armor
30:33 Conscription
29:42 Two-Handed Swordsman
31:02 Gold Shaft Mining
30:46 Yasama
31:35 Bodkin Arrow
31:47 Champion
34:19 Chemistry
34:19 Padded Archer Armor
33:41 Elite Skirmisher
35:45 Leather Archer Armor
36:23 Bracer
37:32 Keep
38:44 Halberdier
39:22 Halberdier
41:27 Iron Casting
41:25 Ring Archer Armor
40:41 Heavy Scorpion
43:24 Two-Man Saw
eloysuarez93
10:04 Feudal Age
13:40 Castle Age
11:44 Horse Collar
12:23 Double-Bit Axe
15:34 Bow Saw
19:17 Heavy Plow
20:51 Wheelbarrow
20:02 Loom
22:12 Hand Cart
21:43 Town Watch
21:59 Stone Mining
22:48 Gold Mining
23:34 Stone Shaft Mining
28:19 Imperial Age
26:07 Scale Barding Armor
26:13 Forging
27:35 Bloodlines
27:25 Husbandry
27:48 Chain Barding Armor
29:17 Iron Casting
29:48 Conscription
28:54 Elite Jarl
30:55 Two-Man Saw
31:27 Plate Barding Armor
32:59 Caravan
34:08 Blast Furnace
32:59 Fletching
33:22 Masonry
33:33 Ballistics
35:29 Architecture
35:36 Light Cavalry
37:08 Hussar
43:35 Chemistry
42:33 Bodkin Arrow
44:30 Bracer
LE | Asav
11:25 Feudal Age
12:29 Double-Bit Axe
15:09 Castle Age
13:12 Horse Collar
17:01 Fervor
19:32 Bow Saw
20:41 Wheelbarrow
21:37 Heavy Plow
22:25 Hand Cart
23:49 Loom
27:59 Imperial Age
26:33 Chemistry
27:48 Scale Mail Armor
27:58 Forging
27:09 Pikeman
27:49 Squires
27:33 Man-at-Arms
28:08 Houfnice
29:16 Chain Mail Armor
28:58 Halberdier
30:51 Siege Engineers
31:55 Plate Mail Armor
31:41 Fletching
32:41 Ballistics
34:11 Wagenburg Tactics
34:26 Conscription
34:59 Iron Casting
37:36 Two-Man Saw
39:04 Masonry
38:50 Bodkin Arrow
39:56 Blast Furnace
39:40 Bombard Tower
39:27 Murder Holes
39:57 Bracer
43:17 Architecture
47:06 Spies/Treason
47:36 Arson
Sa Ngộ Tĩnh
9:23 Loom
11:09 Feudal Age
13:59 Horse Collar
14:38 Fletching
20:34 Castle Age
22:12 Double-Bit Axe
22:28 Heavy Plow
24:15 Coinage
27:29 Wheelbarrow
27:07 Bow Saw
31:01 Imperial Age
29:01 Town Watch
30:19 Szlachta Privileges
30:39 Bloodlines
31:19 Scale Barding Armor
31:25 Forging
31:58 Hand Cart
31:05 Cavalier
32:30 Husbandry
32:51 Chain Barding Armor
32:43 Forging
32:59 Gold Mining
33:02 Stone Mining
34:34 Iron Casting
36:30 Blast Furnace
37:50 Stone Shaft Mining
Xtreme | Rayden
11:19 Feudal Age
14:28 Castle Age
17:17 Husbandry
26:07 Double-Bit Axe
26:09 Horse Collar
26:16 Loom
27:08 Wheelbarrow
26:19 Town Watch
27:36 Bow Saw
27:28 Heavy Plow
32:35 Imperial Age
30:30 Hand Cart
31:42 Bloodlines
32:16 Scale Barding Armor
32:51 Gold Mining
33:22 Forging
35:06 Chain Barding Armor
34:27 Capped Ram
35:44 Iron Casting
35:48 Scale Mail Armor
36:23 Plate Barding Armor
36:50 Plate Barding Armor
37:59 Gold Shaft Mining
37:14 Stone Mining
38:01 Conscription
39:27 Iron Casting
39:25 Tusk Swords
41:21 Blast Furnace
42:14 Elite Battle Elephant
44:24 Light Cavalry
45:42 Fletching
46:59 Chemistry
45:53 Hussar
Connection lost

Rejoining the realm…

Still unreachable

The connection could not be restored.

Session expired

The server has moved on; the page needs a fresh start.